 Dungeon Crawl Stone Soup version 0.24.1 (webtiles) character file.

Game seed: 13186377458038606295, levelgen mode: deterministic

59 Descartes the Magician (level 3, 0/19 HPs)
             Began as a Deep Elf Air Elementalist on Mar 29, 2020.
             Slain by Jessica (3 damage)
             ... on level 2 of the Dungeon.
             The game lasted 00:03:18 (1503 turns).

Descartes the Magician (Deep Elf Air Elementalist)  Turns: 1503, Time: 00:03:19

Health: 0/19       AC:  2    Str:  5    XL:     3   Next: 78%
Magic:  1/10       EV: 13    Int: 20    God:
Gold:   69         SH:  0    Dex: 15    Spells: 8/9 levels left

rFire    . . .     SeeInvis .   h - +0 dagger (venom)
rCold    . . .     Gourm    .   (no shield)
rNeg     . . .     Faith    .   a - +0 robe
rPois    .         Spirit   .   (no helmet)
rElec    .         Reflect  .   (no cloak)
rCorr    .         Harm     .   (no gloves)
MR       .....                  (no boots)
Stlth    ++........             (no amulet)
HPRegen  0.06/turn              (no ring)
MPRegen  0.12/turn              (no ring)

@: very slightly contaminated
A: no striking features
a: no special abilities


You were on level 2 of the Dungeon.
You were not hungry.

You visited 1 branch of the dungeon, and saw 2 of its levels.

You collected 69 gold pieces.

Inventory:

Hand Weapons
 f - a +0 dagger
 h - a +0 dagger of venom (weapon)
Missiles
 d - 13 stones (quivered)
 j - 14 arrows
Armour
 a - a +0 robe (worn)
Scrolls
 b - 3 scrolls of remove curse {unknown}
 g - 2 scrolls of magic mapping {unknown}
 i - 2 scrolls of fog {unknown}
 l - a scroll of blinking {unknown}
 n - a scroll of teleportation {unknown}
 q - a scroll of enchant armour {unknown}
Potions
 e - a potion of curing {unknown}
 k - a potion of brilliance {unknown}
 m - a potion of magic {unknown}
 o - 2 potions of flight {unknown}
 p - a potion of heal wounds {unknown}
Comestibles
 c - 2 rations


   Skills:
 + Level 3.1 Dodging
 + Level 3.2 Stealth
 + Level 3.6 Spellcasting
 + Level 2.0 Conjurations
 + Level 3.4 Air Magic


You had 8 spell levels left.
You knew the following spells:

 Your Spells              Type           Power        Failure   Level  Hunger
a - Shock                 Conj/Air       ##..         4%          1    None

Your spell library contained the following spells:

 Spells                   Type           Power        Failure   Level  Hunger
 Swiftness                Chrm/Air       ##......     10%         2    ##.....
 Static Discharge         Conj/Air       ##......     13%         3    ###....
 Airstrike                Air            ###.......   32%         4    ####...
 Lightning Bolt           Conj/Air       ##........   77%         5    ######.


Dungeon Overview and Level Annotations

Branches:
Dungeon (2/15)

Altars:

Annotations:
D:2 Jessica


Message History

Jessica gestures at you while chanting. Pain shoots through your body!
* * * LOW HITPOINT WARNING * * *
Jessica shouts, "You're disturbing me!
I'll have to kill you!" Jessica barely misses you.
Casting: Shock (safe; 4% risk of failure)
Confirm with . or Enter, or press ? or * to list all spells.
Aiming: Shock (safe; 4% risk of failure)
Press: ? - help, Shift-Dir - straight line, f/p - Jessica
Aim: Jessica, wearing a +0 robe of magic resistance (moderately wounded, fast)
The zap misses Jessica.
Jessica hits you but does no damage.
Casting: Shock (safe; 4% risk of failure)
Confirm with . or Enter, or press ? or * to list all spells.
Aiming: Shock (safe; 4% risk of failure)
Press: ? - help, Shift-Dir - straight line, f/p - Jessica
Aim: Jessica, wearing a +0 robe of magic resistance (moderately wounded, fast)
The zap hits Jessica.
Jessica is heavily wounded.
Jessica hits you.
You die...

###########
#..%..<...# #
##..##....... # ##
#...# ###.### # #.
####..## # # #.
#.....# # #. #.###.#
# ##. ##@# #.# #
##..##@.# #.#
#..#...## #..#
##.##.### .....
####.#
##.....####.##.###
...#.# #..#........#
.#
##.#.####....########
.# .....#.....### .#
.......#...# .#
##.#..#..#.#


You could see Jessica.

Vanquished Creatures
  4 adders (D:2)
  A dart slug (D:2)
  A giant cockroach (D:1)
  2 goblins
  3 hobgoblins
  A quokka (D:2)
  3 bats (D:2)
  2 frilled lizards (D:1)
  4 kobolds
  3 rats
24 creatures vanquished.

Notes
Turn   | Place    | Note
-------+----------+-------------------------------------------
     0 | D:1      | Descartes the Deep Elf Air Elementalist began the quest for
                  | the Orb.
     0 | D:1      | Reached XP level 1. HP: 10/10 MP: 6/6
   527 | D:1      | Reached XP level 2. HP: 15/15 MP: 5/8
   972 | D:2      | Reached XP level 3. HP: 19/19 MP: 1/9
  1485 | D:2      | Noticed Jessica
  1503 | D:2      | Slain by Jessica

Levels and vault maps discovered:
D:1:      minmay_arrival_stair_chambers, layout_basic, hangedman_decor_opposing,
          minmay_close_crescents
D:2:      layout_rooms, lemuel_coloured_pillars_altar, uniq_jessica

Skill      XL: |  1  2  3 |
---------------+----------+-----
Stealth        | 3 |  3.2
Dodging        | 3 |  3.1
Conjurations   | 2 |  2.0
Spellcasting   | |  3.6
Air Magic      | |  3.4

Action                   || total
-------------------------++-------
 Cast: Shock             ||    59
  Eat: Chunk             ||     2
Armor: Robe              ||     4
Dodge: Dodged            ||    12
